 Dungeon Crawl Stone Soup version 0.28-a0-239-g68911e0c57 (webtiles) character file.

Game seed: 13722525478559936565

2243 lmSkywalker the Blocker (level 9, 0/59 HPs)
             Began as a Merfolk Gladiator on Aug 23, 2021.
             Was a Follower of Hepliaklqana.
             Slain by an orc warrior (12 damage)
             ... in a bailey.
             The game lasted 00:44:40 (9253 turns).

lmSkywalker the Blocker (Merfolk Gladiator)         Turns: 9253, Time: 00:44:40

Health: 0/59       AC:  6    Str: 15    XL:     9   Next: 37%
Magic:  9/9        EV: 28    Int: 10    God:    Hepliaklqana [*.....]
Gold:   224        SH: 15    Dex: 15    Spells: 8/8 levels left

rFire   . . .      SeeInvis +   k - +0 trident (flame)
rCold   . . .      Faith    .   i - +4 kite shield
rNeg    . . .      Spirit   .   b - +0 leather armour
rPois   +          Reflect  .   p - +2 helmet
rElec   .          Harm     .   (no cloak)
rCorr   .          Rampage  .   (no gloves)
Will    .....                   (no boots)
Stlth   +.........              r - amulet of the acrobat
HPRegen 0.19/turn               a - ring of see invisible
MPRegen 0.11/turn               t - ring of poison resistance

@: acrobatic
A: reduced essence, (nimble swimmer 2), mertail
a: Renounce Religion, Recall Ancestor, Ancestor Identity


You were in a bailey.
You worshipped Hepliaklqana.
Hepliaklqana was aware of your devotion.
You visited 1 branch of the dungeon, and saw 7 of its levels.
You also visited: Sewer and Bailey.

You collected 224 gold pieces.

Inventory:

Hand Weapons
 k - a +0 trident of flaming (weapon)
Missiles
 n - 2 curare-tipped darts (quivered)
Armour
 b - a +0 leather armour (worn)
 i - a +4 kite shield (worn)
 p - a +2 helmet (worn)
 D - the +1 ring mail of the Vaults {*Slow rC+ rN++ Int+4}
   (You found it on level 7 of the Dungeon)

   Int:       It affects your intelligence (+4).
   rC:        It protects you from cold.
   rN:        It greatly protects you from negative energy.
   *Slow:     It may slow you when you take damage.
Jewellery
 a - a ring of see invisible (left hand)
 r - an amulet of the acrobat (around neck)
 t - a ring of poison resistance (right hand)
Scrolls
 f - 2 scrolls of brand weapon {unknown}
 h - 5 scrolls of teleportation
 j - 2 scrolls of immolation
 l - 3 scrolls of amnesia
 o - a scroll of torment {unknown}
 s - a scroll of summoning {unknown}
 u - a scroll of fear {unknown}
 w - a scroll of identify
 y - a scroll of enchant armour
 A - 2 scrolls of fog
 B - 2 scrolls of enchant weapon {unknown}
 C - a scroll of magic mapping {unknown}
Potions
 c - a potion of ambrosia
 e - a potion of might {unknown}
 g - 2 potions of heal wounds
 m - 4 potions of haste
 q - a potion of attraction {unknown}
 v - a potion of curing
 x - 3 potions of berserk rage
 z - 2 potions of flight {unknown}
 E - a potion of lignification {unknown}
 F - a potion of invisibility {unknown}
 G - a potion of brilliance


   Skills:
 + Level 4.3 Fighting
 + Level 8.2 Polearms
 - Level 2.0 Throwing
 + Level 6.2 Dodging
 + Level 9.8 Shields


You had 8 spell levels left.
You didn't know any spells.
Your spell library contained the following spells:

 Spells                   Type           Power      Damage    Failure   Level
 Animate Skeleton         Necr           0%         N/A       67%         1
 Pain                     Necr           0%         1d4       67%         1
 Summon Small Mammal      Summ           0%         N/A       67%         1
 Ensorcelled Hibernation  Hex/Ice        0%         N/A       80%         2
 Slow                     Hex            0%         N/A       80%         2
 Call Canine Familiar     Summ           0%         N/A       95%         3
 Confusing Touch          Hex            0%         N/A       95%         3
 Spider Form              Tmut/Pois      0%         N/A       95%         3
 Summon Guardian Golem    Hex/Summ       0%         N/A       95%         3
 Vampiric Draining        Necr           0%         2d6       95%         3
 Yara's Violent Unravell  Hex/Tmut       0%         3d3       100%        5
 Shadow Creatures         Summ           N/A        N/A       100%        6


Dungeon Overview and Level Annotations

Branches:
Dungeon (7/15)             Temple (0/1) D:7           Sewer (visited)
 Bailey (1/1)

Altars:
Dithmenos
Fedhas
Hepliaklqana
Kikubaaqudgha
Makhleb
Nemelex Xobeh
Trog
Uskayaw
Wu Jian

Shops:
D:2 (

Annotations:
D:5 1 runed translucent door, Crazy Yiuf


Innate Abilities, Weirdness & Mutations

Your life essence is reduced to manifest your ancestor. (-10% HP)
((You are quick and stealthy near water. (Stealth+, EV+, Speed+++)))
Your lower body shifts to a powerful aquatic tail in water.


Message History

Reach: k) +0 trident (flame)
Press: ? - help, Dir - move target, f/p - orc knight
Aim: an orc knight, wielding a +0 glaive and wearing a +0 ring mail (severely wounded, poisoned, slow, ally target, about 42% to evade your +0 trident of flaming)
You reach to attack!
You hit the orc knight but do no damage.
The orc knight is severely wounded.
You block the orc knight's attack. You block the orc warrior's attack.
Angel hits the orc knight.
You are too injured to fight recklessly!
You are too injured to fight recklessly!
You are too injured to fight recklessly!
Reach: k) +0 trident (flame)
Press: ? - help, Dir - move target, f/p - orc knight
Aim: an orc knight, wielding a +0 glaive and wearing a +0 ring mail (severely wounded, poisoned, slow, ally target, about 42% to evade your +0 trident of flaming)
You reach to attack!
You hit the orc knight but do no damage.
The orc knight is severely wounded.
The orc knight is no longer moving slowly.
The orc warrior hits you from afar with a +0 spear!
* * * LOW HITPOINT WARNING * * *
You block the orc knight's attack.
Angel closely misses the orc knight.
The orc warrior hits Angel with a +0 spear!
What are your orders? t - Shout!
Orders for allies: a - Attack new target. p - Attack previous target. r - Retreat! s - Stop attacking. g - Guard the area. f - Follow me.
Anything else - Cancel.
Gang up on whom?
Press: ? - help, Dir - move target, f/p - orc knight
Aim: an orc knight, wielding a +0 glaive and wearing a +0 ring mail (severely wounded, poisoned, ally target) Attack!
The orc knight barely misses Angel.
Angel hits the orc knight.
The orc warrior hits Angel with a +0 spear.
The orc knight hits Angel with a +0 glaive!
Angel is destroyed!
The orc knight roars a battlecry!
The orc knight looks more healthy.
The orc warrior no longer looks unusually strong.
The orc warrior hits you from afar with a +0 spear!
You die...

#......≈##.∩#≈...............≈
#......≈≈#)#.≈....#######....≈
#.......≈≈≈≈≈.....##....##....
#...........).....##...o.##...
#.................##'''#..##..
#.............##..##∩.o##..#..
#..........o..##.####o####.##.
#.............##.+ .o.#)'o##.
#............@##.# #.8o###.##.
#............)##.+ #?.)# +.##.
#...........).##o#########o##.
#..............#..## ##..#..
#..............##..#+#+#..##..
#...............##...o.o.##...
#.......≈≈≈≈≈....#########....
#......≈≈#.#.≈......###......≈
#......≈##.∩#≈...............≈


You could see an orc warrior.

Vanquished Creatures
  Grinder (D:5)
  Prince Ribbit (D:6)
  Duvessa (D:5)
  2 sky beasts
  3 black bears
  2 ogres
  2 scorpions (D:5)
  Dowan (D:5)
  2 centaur zombies
  2 orc priests
  A hound (D:4)
  A gnoll shaman (D:4)
  A jelly (D:4)
  2 bullfrog skeletons
  2 iguanas (D:5)
  An orc wizard (D:3)
  A hound skeleton (D:5)
  Robin (D:2)
  6 adders
  8 gnolls
  A howler monkey skeleton (D:6)
  3 worms
  3 dart slugs
  22 orcs
  6 endoplasms
  2 giant cockroaches
  21 goblins
  6 hobgoblins
  9 jackals
  2 quokkas
  9 ball pythons
  5 bats
  11 frilled lizards
  11 kobolds
  10 rats
162 creatures vanquished.

Vanquished Creatures (collateral kills)
  A water moccasin (D:7)
  An orc warrior (Bailey)
  3 orc wizards (D:7)
  4 orcs (Bailey)
  2 goblins (D:7)
11 creatures vanquished.

Vanquished Creatures (others)
  An ancestor (Bailey)
  An orc (Bailey)
  An endoplasm (D:3)
  A fungus (D:1)
  11 plants (Sewer)
15 creatures vanquished.

Grand Total: 188 creatures vanquished

Notes
Turn   | Place    | Note
-------+----------+-------------------------------------------
     0 | D:1      | lmSkywalker the Merfolk Gladiator began the quest for the
                  | Orb.
     0 | D:1      | Reached XP level 1. HP: 16/16 MP: 1/1
   251 | D:1      | Reached skill level 5 in Polearms
   256 | D:1      | Reached XP level 2. HP: 20/22 MP: 2/2
   604 | D:1      | Reached XP level 3. HP: 27/27 MP: 3/3
   708 | D:1      | Found a faded altar of an unknown god.
  1103 | D:2      | Reached skill level 1 in Shields
  1194 | D:2      | Noticed Robin
  1258 | D:1      | Reached XP level 4. HP: 26/33 MP: 4/4
  1342 | D:2      | Killed Robin
  1517 | D:2      | Found Runin's Weapon Shop.
  2072 | D:3      | Reached skill level 2 in Shields
  2108 | D:3      | Reached XP level 5. HP: 38/38 MP: 5/5
  2289 | D:2      | Reached skill level 3 in Shields
  2537 | D:3      | HP: 1/38 [constriction (1)]
  3008 | D:3      | Found a bloodstained altar of Trog.
  3024 | D:3      | Found a burning altar of Makhleb.
  3040 | D:3      | Reached skill level 4 in Shields
  3207 | D:3      | Found an ornate altar of the Wu Jian Council.
  3220 | D:3      | Found a sparkling altar of Nemelex Xobeh.
  3293 | D:3      | Reached XP level 6. HP: 5/44 MP: 6/6
  4054 | D:4      | Reached skill level 5 in Shields
  5417 | D:5      | Entered Level 5 of the Dungeon
  5606 | D:5      | Reached skill level 6 in Shields
  5606 | D:5      | Reached XP level 7. HP: 50/50 MP: 7/7
  5739 | D:5      | Found a blossoming altar of Fedhas.
  5739 | D:5      | Noticed Grinder
  5757 | D:5      | Paralysed by Grinder for 6 turns
  6008 | D:5      | Paralysed by Grinder for 7 turns
  6016 | D:5      | Paralysed by Grinder for 6 turns
  6041 | D:5      | Killed Grinder
  6042 | D:5      | Reached skill level 7 in Shields
  6120 | D:5      | Found a shadowy altar of Dithmenos.
  6120 | D:5      | Noticed a shadow
  6122 | D:5      | Found a hazy altar of Hepliaklqana.
  6136 | D:5      | Became a worshipper of Hepliaklqana the Forgotten
  6402 | D:5      | Reached skill level 8 in Shields
  6402 | D:5      | Reached XP level 8. HP: 56/56 MP: 8/8
  6477 | D:5      | Found a runed translucent door.
  6478 | D:5      | Noticed Crazy Yiuf
  6798 | D:5      | Noticed Dowan
  6800 | D:5      | Noticed Duvessa
  6804 | D:5      | Killed Dowan
  6820 | D:5      | Killed Duvessa
  6821 | D:5      | Reached skill level 9 in Shields
  7362 | D:6      | Noticed Prince Ribbit
  7647 | D:6      | Killed Prince Ribbit
  7648 | D:6      | Reached skill level 5 in Dodging
  7754 | D:6      | Found a glowing drain.
  7764 | Sewer    | Entered a sewer
  8350 | D:7      | Reached * piety under Hepliaklqana
  8358 | D:7      | Reached XP level 9. HP: 57/57 MP: 9/9
  8581 | D:7      | Found a hide-covered altar of Uskayaw.
  8586 | D:7      | Identified the +1 ring mail of the Vaults {*Slow rC+ rN++
                  | Int+4}
  8670 | D:7      | Found an ancient bone altar of Kikubaaqudgha.
  8731 | D:7      | Found a staircase to the Ecumenical Temple.
  8784 | D:7      | Found a flagged portal.
  8804 | Bailey   | Entered a bailey
  9172 | Bailey   | Noticed an orc knight
  9253 | Bailey   | Slain by an orc warrior

Illustrated notes

Levels and vault maps discovered:
D:1:      heliophobic_arrival_henge, layout_basic,
          shapermc_ecumenical_altar_mp_urbaneastern
D:2:      layout_rooms, serial_shops, shop, uniq_robin
D:3:      layout_rooms, nicolae_overflow_quartered_altars,
          minmay_misc_feat_rugged, lemuel_flame_loot_1
D:4:      layout_rooms, serial_glass, glass_columns_b, glass_columns_b,
          glass_columns_a, glass_columns_a, glass_columns_a, glass_columns_b,
          glass_columns_c, glass_columns_b, dk_vineyard_1,
          chequers_serial_rivers_large_b
D:5:      layout_basic, riverfiend_overflow_shadow_ancestor,
          overflow_temple_1_default, uniq_duvessa, uniq_grinder,
          uniq_crazy_yiuf_cottage
D:6:      layout_rooms, portal_sewer_entry_a, uniq_prince_ribbit1
D:7:      layout_rooms, nicolae_uskayaw_suspiria,
          mainiacjoe_overflow_surrounded_room, temple_hall, serial_shops, shop,
          enter_bailey_3, grunt_livestock
Bailey:   bailey_polearm_2, bailey

Skill      XL: |  1  2  3  4  5  6  7  8  9 |
---------------+----------------------------+-----
Polearms       | 5 6 7 8 |  8.2
Shields        | 1 2 4 6 8 9 |  9.8
Fighting       | 3 4 |  4.3
Dodging        | 5 6 |  6.2
Throwing       | |  2.0

Action                   |  1- 3 |  4- 6 |  7- 9 || total
-------------------------+-------+-------+-------++-------
Melee: Trident           |   133 |   196 |   292 ||   621
       Tailslap          |       |       |     5 ||     5
Throw: Throwing net      |       |     3 |     4 ||     7
       Dart              |       |     9 |    21 ||    30
Invok: Ancestor Identity |       |       |     1 ||     1
  Use: Potion            |       |     4 |     1 ||     5
       Scroll            |       |     4 |     6 ||    10
 Stab: Sleeping          |     1 |     3 |     1 ||     5
       Held in net/web   |       |       |     1 ||     1
       Distracted        |       |       |     2 ||     2
Armor: Leather armour    |    22 |    62 |    27 ||   111
Dodge: Dodged            |    73 |    54 |    98 ||   225
Block: Kite shield       |       |    83 |   173 ||   256

Table legend: (Time is in decaauts)
 A = Elapsed time spent in this place.
 B = Non-inter-level travel time spent in this place.
 C = Inter-level travel time spent in this place.
 D = Time resting spent in this place.
 E = Time spent auto-exploring this place.
 F = Levels seen in this place.
 G = Mean time per level.
                   A        B        C        D        E       F      G
               +--------+--------+--------+--------+--------+-----+--------+
         Total |   9114 |   8756 |    358 |   2659 |   2713 |   9 | 1012.7 |
       Dungeon |   8280 |   7922 |    358 |   2561 |   2466 |   7 | 1182.9 |
         Sewer |    408 |    408 |      0 |      0 |    229 |   1 |  408.0 |
        Bailey |    424 |    424 |      0 |     98 |     17 |   1 |  424.0 |
               +--------+--------+--------+--------+--------+-----+--------+

Top non-repeatable levels by time:
     D:5: 1914 daAuts
     D:3: 1887 daAuts
     D:2: 1653 daAuts
     D:1: 986 daAuts
     D:4: 897 daAuts
     D:6: 541 daAuts
  Bailey: 424 daAuts
   Sewer: 408 daAuts
     D:7: 400 daAuts
